 Dungeon Crawl Stone Soup version 0.19.3 (webtiles) character file.

49 Lahna the Cudgeler (level 3, 0/31 HPs)
             Began as a Minotaur Chaos Knight on Jan 23, 2017.
             Slain by a gnoll
             ... wielding a +0 club
              (3 damage)
             ... on level 1 of the Dungeon.
             The game lasted 00:01:19 (733 turns).

Lahna the Cudgeler (Minotaur Chaos Knight)           Turns: 733, Time: 00:01:19

Health: 0/31       AC:  5    Str: 16    XL:     3   Next: 53%
Magic:  2/2        EV: 11    Int:  9    God:    Xom [....*.]
Gold:   26         SH:  0    Dex: 10    Spells: 0 memorised, 2 levels left

rFire  . . .     SeeInvis .     a - +0 mace (chaos)
rCold  . . .     Gourm    .     b - +2 leather armour
rNeg   . . .     Faith    .     (no shield)
rPois  .         Spirit   .     (helmet restricted)
rElec  .         Reflect  .     (no cloak)
rCorr  .         Harm     .     (no gloves)
MR     .....                    (no boots)
Stlth  +.........               (no amulet)
                                (no ring)
                                j - ring of wizardry

@: no status effects
A: retaliatory headbutt, horns 2
a: Renounce Religion


You were on level 1 of the Dungeon.
You worshipped Xom.
You were a beloved toy of Xom.
You were not hungry.

You visited 1 branch of the dungeon, and saw 2 of its levels.

You collected 26 gold pieces.

Inventory:

Hand Weapons
 a - a +0 mace of chaos (weapon)
Armour
 b - a +2 leather armour (worn)
Jewellery
 j - a ring of wizardry (left hand)
Scrolls
 e - 2 scrolls of remove curse {unknown}
 i - a scroll of amnesia {unknown}
 l - a scroll of noise {unknown}
Potions
 f - 3 potions of curing {unknown}
 g - a potion of haste {unknown}
 h - a potion of ambrosia {unknown}
 k - 2 potions of magic {unknown}
 n - a potion of berserk rage {unknown}
 o - a potion of heal wounds {unknown}
Comestibles
 c - 2 bread rations
 d - a meat ration


   Skills:
 - Level 3.6 Fighting
 + Level 5.5 Maces & Flails
 - Level 2.4 Armour
 - Level 1.1 Dodging


You had 2 spell levels left.
You didn't know any spells.

Dungeon Overview and Level Annotations

Branches:
Dungeon (2/15)

Altars:


Innate Abilities, Weirdness & Mutations

You reflexively headbutt those who attack you in melee.
You have a pair of horns on your head.


Message History

* * * LOW HITPOINT WARNING * * *
You climb upwards.
There is a stone staircase leading down here.
You are too injured to fight recklessly!
You are too injured to fight recklessly!
You barely miss the gnoll. You headbutt the gnoll.
You kill the gnoll!
The gnoll completely misses you. The gnoll hits you with a club.
* * * LOW HITPOINT WARNING * * *
The gnoll hits you from afar with a spear.
* * * LOW HITPOINT WARNING * * *
Things that are here:
a flail; a gnoll corpse You thump the gnoll!
You freeze the gnoll.
The gnoll is almost dead.
The gnoll closely misses you. The gnoll barely misses you.
You barely miss the gnoll. Your headbutt misses the gnoll.
The gnoll is almost dead.
The gnoll barely misses you. The gnoll hits you with a club.
You die...

.# #....#..# #.# .#
#.##.#..###########.########## .#
#.##.#..............##......>.
.###.#...#.#########.#[...#######
...).......# ######...####
####.#.((######...###.##
#.##.......g.#.# #.#
####.##########>g.###.# .....#
##@.....# ###### ########


You could see 2 gnolls.

Vanquished Creatures
  A gnoll (D:1)
  A gnoll (shapeshifter) (D:1)
  2 oozes (D:1)
  A dart slug (D:1)
  2 hobgoblins (D:1)
  2 jackals (D:1)
  2 ball pythons (D:1)
  A bat (D:1)
  2 frilled lizards (D:1)
  A goblin (D:1)
  A kobold (D:1)
  9 rats (D:1)
25 creatures vanquished.

Notes
Turn   | Place    | Note
-------+----------+-------------------------------------------
     0 | D:1      | Lahna the Minotaur Chaos Knight began the quest for the Orb.
     0 | D:1      | Reached XP level 1. HP: 19/19 MP: 0/0
    16 | D:1      | XOM: potion effect (haste)
    19 | D:1      | Reached skill level 4 in Maces & Flails
    46 | D:1      | Reached XP level 2. HP: 16/26 MP: 1/1
   179 | D:1      | XOM: silly message
   288 | D:1      | Reached skill level 5 in Maces & Flails
   288 | D:1      | Reached XP level 3. HP: 29/31 MP: 2/2
   309 | D:1      | XOM: divination: magic mapping
   581 | D:1      | XOM: divination: magic mapping
   717 | D:2      | XOM: polymorph gnoll -> ball python
   733 | D:1      | Slain by a gnoll

Skill      XL: |  1  2 |
---------------+-------+-----
Maces & Flails | 4 5 |  5.5
Fighting       | |  3.6
Armour         | |  2.4
Dodging        | |  1.1

Action                   || total
-------------------------++-------
Melee: Mace              ||    53
       Headbutt          ||     8
Armor: Leather armour    ||    14
Dodge: Dodged            ||    35
